 Dungeon Crawl Stone Soup version 0.21-a0-110-g8e1637b (webtiles) character file.

2191 Gorglomux the Fighter (level 9, -1/82 HPs)
             Began as a Hill Orc Artificer on July 9, 2017.
             Was a Believer of Trog.
             Slain by Joseph
             ... wielding a +0 quarterstaff
              (8 damage)
             ... on level 7 of the Dungeon.
             The game lasted 00:16:42 (6689 turns).

Gorglomux the Fighter (Hill Orc Artificer)          Turns: 6689, Time: 00:16:43

Health: -1/82      AC: 15    Str: 23    XL:     9   Next: 33%
Magic:  11/11      EV:  7    Int: 11    God:    Trog [**....]
Gold:   467        SH: 12    Dex: 11    Spells: 8/8 levels left

rFire    + . .     SeeInvis .   a - +0 dagger (venom)
rCold    . . .     Gourm    .   J - +1 shield {AC+3}
rNeg     . . .     Faith    .   H - +0 chain mail
rPois    +         Spirit   .   (no helmet)
rElec    .         Reflect  .   U - +0 cloak
rCorr    .         Harm     .   (no gloves)
MR       .....                  I - +0 pair of boots
Stlth    ..........             (no amulet)
HPRegen  0.23/turn              o - ring of poison resistance
MPRegen  0.12/turn              f - ring of protection from fire

@: mighty, berserk cooldown, slowed, very slow
A: no striking features
a: Berserk, Trog's Hand, Burn Spellbooks, Renounce Religion


You were on level 7 of the Dungeon.
You worshipped Trog.
Trog was pleased with you.
You were hungry.

You visited 2 branches of the dungeon, and saw 8 of its levels.

You collected 467 gold pieces.

Inventory:

Hand Weapons
 a - a +0 dagger of venom (weapon)
 b - a +0 hand axe
Missiles
 F - 111 stones (quivered)
Armour
 H - a +0 chain mail (worn)
 I - a +0 pair of boots (worn)
 J - a +1 shield of protection (worn)
 U - a +0 cloak (worn)
Jewellery
 f - a ring of protection from fire (right hand)
 g - an uncursed ring of resist corrosion
 o - a ring of poison resistance (left hand)
Wands
 c - a wand of flame (15/48)
 e - a wand of random effects (9/48)
 E - a wand of enslavement (15/24)
 P - a wand of paralysis (14/24)
Scrolls
 y - 2 scrolls of recharging {unknown}
 C - a scroll of enchant weapon {unknown}
 D - a scroll of amnesia {unknown}
 G - a scroll of immolation {unknown}
 M - 2 scrolls of fear {unknown}
 N - 2 scrolls of magic mapping {unknown}
 R - a scroll of noise {unknown}
 S - a scroll of random uselessness {unknown}
 T - a scroll of teleportation
 V - 3 scrolls of remove curse
 Z - a scroll of fog {unknown}
Potions
 x - a potion of haste
 A - a potion of resistance {unknown}
 B - a potion of brilliance
 O - 2 potions of agility {unknown}
 Q - 2 potions of might
 W - 2 potions of flight {unknown}
 X - 4 potions of magic
 Y - a potion of experience {unknown}
Comestibles
 w - 6 chunks of flesh
 z - a meat ration
 K - 3 bread rations
 L - 3 royal jellies


   Skills:
 + Level 8.5 Fighting
 - Level 1.0 Short Blades
 + Level 5.5 Axes
 - Level 6.2 Armour
 - Level 1.5 Dodging
 - Level 0.7 Stealth
 + Level 6.9 Shields
 - Level 3.0 Evocations


You had 8 spell levels left.
You didn't know any spells.

Dungeon Overview and Level Annotations

Branches:
Dungeon (7/15)             Temple (1/1) D:4

Altars:
Ashenzari
Cheibriados
Dithmenos
Elyvilon
Fedhas
Gozag
Makhleb
Nemelex Xobeh
Qazlal
Sif Muna
Trog
Uskayaw
Vehumet
Wu Jian
Xom
Yredelemnul
The Shining One

Shops:
D:6 [

Annotations:
D:4 B1inky's ghost, amateur BaMo
D:7 Joseph


Message History

You puncture Joseph!
Joseph looks as sick as possible!
Joseph is severely wounded.
Joseph hits you with an uncursed quarterstaff!
* * * LOW HITPOINT WARNING * * *
You barely miss Joseph.
Joseph is severely wounded.
You block Joseph's attack.
You feel a strong urge to attack something.
You are no longer berserk.
You are exhausted.
You feel yourself slow down.
It was a potion of might.
You feel very mighty all of a sudden.
Joseph hits you with an uncursed quarterstaff.
* * * LOW HITPOINT WARNING * * *
You block Joseph's attack.
You puncture Joseph!
Joseph looks as sick as possible!
Joseph is almost dead.
Joseph hits you with an uncursed quarterstaff!
You die...

...).#
##.........
....#
#....####
.... #...## #
##..####### #
#...##... ..
#...##.# .##
##..#..# ....
#...@.# .....
#..@#(#......
#...(....._..
#...(.#......
##....#......
#....# .....
#....# ##.##
#?.... ...
....... ##
........


You could see Joseph (berserk).

Vanquished Creatures
  Pikel (D:6)
  A hippogriff (D:6)
  Grinder (D:4)
  2 slaves (D:6)
  A phantom (D:4)
  3 ogres
  3 bullfrogs
  2 scorpions
  5 hounds
  3 orc wizards (D:6)
  2 orc priests (D:6)
  A jelly (D:5)
  A gnoll shaman (D:6)
  Terence (D:2)
  2 iguanas (D:5)
  A worker ant (D:5)
  Robin (D:2)
  A worker ant zombie (D:6)
  4 gnolls (D:6)
  5 adders
  2 shadow imps (D:5)
  An ooze (D:4)
  2 adder zombies
  An adder skeleton (D:4)
  A worm (D:3)
  2 dart slugs
  5 leopard geckos
  16 orcs
  3 ball pythons (D:3)
  8 bats
  9 giant cockroaches
  13 goblins
  14 hobgoblins
  15 jackals
  2 quokkas
  3 frilled lizards
  7 kobolds
  A leopard gecko skeleton (D:6)
  10 rats
156 creatures vanquished.

Notes
Turn   | Place    | Note
-------+----------+-------------------------------------------
     0 | D:1      | Gorglomux the Hill Orc Artificer began the quest for the Orb.
     0 | D:1      | Reached XP level 1. HP: 16/16 MP: 3/3
   298 | D:1      | Reached skill level 1 in Armour
   298 | D:1      | Reached XP level 2. HP: 12/24 MP: 4/4
   599 | D:1      | Reached skill level 2 in Fighting
  1053 | D:2      | Reached XP level 3. HP: 25/29 MP: 5/5
  1534 | D:2      | Noticed Robin
  1534 | D:2      | Noticed Terence
  1561 | D:2      | Killed Robin
  1561 | D:2      | Reached XP level 4. HP: 12/37 MP: 6/6
  1591 | D:2      | Reached skill level 3 in Armour
  1693 | D:2      | Killed Terence
  1693 | D:2      | Reached skill level 3 in Fighting
  2021 | D:2      | Found a shattered altar of Ashenzari.
  2547 | D:3      | Reached XP level 5. HP: 44/45 MP: 7/7
  2554 | D:3      | Found a stormy altar of Qazlal.
  3254 | D:4      | Found a staircase to the Ecumenical Temple.
  3263 | D:4      | Noticed B1inky's ghost (amateur BaMo)
  3283 | Temple   | Entered the Ecumenical Temple
  3353 | Temple   | Became a worshipper of Trog the Wrathful
  3379 | D:4      | Reached skill level 4 in Fighting
  3379 | D:4      | Reached skill level 1 in Shields
  3488 | D:4      | Noticed a phantom
  3642 | D:4      | Killed a phantom
  3642 | D:4      | Reached XP level 6. HP: 48/53 MP: 8/8
  3772 | D:4      | Noticed Grinder
  4008 | D:4      | Found a sparkling altar of Nemelex Xobeh.
  4045 | D:4      | Reached skill level 5 in Fighting
  4100 | D:4      | Killed Grinder
  4100 | D:4      | Reached skill level 3 in Shields
  4100 | D:4      | Reached XP level 7. HP: 61/61 MP: 9/9
  4652 | D:5      | Entered Level 5 of the Dungeon
  4752 | D:5      | Reached * piety under Trog
  4760 | D:5      | Found a glowing golden altar of the Shining One.
  4951 | D:5      | Found a burning altar of Makhleb.
  4958 | D:5      | Reached skill level 6 in Fighting
  5116 | D:5      | Reached XP level 8. HP: 70/70 MP: 10/10
  5354 | D:6      | Reached skill level 6 in Armour
  5498 | D:6      | Found Ikot's Armour Shoppe.
  5516 | D:6      | Noticed Pikel
  5630 | D:6      | Reached skill level 1 in Axes
  5693 | D:6      | Noticed a hippogriff
  5732 | D:6      | Killed a hippogriff
  5732 | D:6      | Reached skill level 7 in Fighting
  5783 | D:6      | Killed Pikel
  5783 | D:6      | Reached skill level 8 in Fighting
  5783 | D:6      | Reached skill level 6 in Shields
  5783 | D:6      | Reached XP level 9. HP: 37/81 MP: 11/11
  6159 | D:6      | Reached ** piety under Trog
  6468 | D:6      | Found a deep blue altar of Sif Muna.
  6657 | D:7      | Found an opulent altar of Gozag.
  6658 | D:7      | Noticed Joseph
  6689 | D:7      | Slain by Joseph

Vault maps used:
D:1:      dpeg_arrival_more_subterranean_lakeside_camping
D:2:      overflow_temple_1_default, serial_bayou_crossing, uniq_robin,
          uniq_terence
D:3:      lemuel_coloured_pillars_altar, portal_sewer_entry_f
D:4:      nemelex_xobeh_ov_fountains_minmay, minmay_temple_entry_steel_oval,
          first_bread, minmay_unequal, uniq_grinder
D:5:      nicolae_tso_carved_into_rock, makhleb_blood_cavern_becter
D:6:      led_sif_pool, serial_shops, kennysheep_mini_moat, uniq_pikel
D:7:      lemuel_round_altar, old_standard_altar,
          gammafunk_temple_overflow_statue, uniq_menkaure, uniq_joseph
Temple:   eino_wide_crystal_templ

Skill      XL: |  1  2  3  4  5  6  7  8  9 |
---------------+----------------------------+-----
Armour         | 1 2 3 4 5 6 |  6.2
Fighting       | 2 3 4 5 6 8 |  8.5
Shields        | 2 3 4 6 |  6.9
Axes           | 4 5 |  5.5
Short Blades   | |  1.0
Dodging        | |  1.5
Stealth        | |  0.7
Evocations     | |  3.0

Action                   |  1- 3 |  4- 6 |  7- 9 || total
-------------------------+-------+-------+-------++-------
Melee: Whip              |    30 |    44 |     9 ||    83
       Short sword       |     6 |       |       ||     6
       Dagger            |    83 |   261 |   384 ||   728
Throw: Stone             |     4 |       |       ||     4
Invok: Berserk           |       |       |     5 ||     5
Evoke: Wand              |     3 |     3 |       ||     6
  Use: Scroll            |       |     5 |     2 ||     7
       Potion            |       |     4 |     1 ||     5
 Stab: Paralysed         |       |     8 |       ||     8
       Invisible         |       |       |     3 ||     3
  Eat: Chunk             |     2 |     8 |     9 ||    19
       Bread ration      |       |       |     1 ||     1
Armor: Leather armour    |    37 |    16 |       ||    53
       Chain mail        |       |   149 |   183 ||   332
       Skin              |       |    26 |     2 ||    28
Dodge: Dodged            |    71 |    73 |    66 ||   210
Block: Shield            |       |   143 |   195 ||   338
